 Dungeon Crawl Stone Soup version 0.29.0-11-gd7f09526c8 (webtiles) character file.

Game seed: 2324144309684115497

30 concernfroge the Trooper (level 3, -2/30 HPs)
             Began as a Mummy Monk on Sept 3, 2022.
             Slain by a kobold
             ... wielding a +0 dagger
              (4 damage)
             ... on level 1 of the Dungeon.
             The game lasted 00:01:51 (769 turns).

concernfroge the Trooper (Mummy Monk)                Turns: 769, Time: 00:01:52

Health: -2/30      AC:  2    Str: 16    XL:     3   Next: 3%
Magic:  3/3        EV: 12    Int:  9    God:
Gold:   35         SH:  0    Dex: 14    Spells: 2/2 levels left

rFire   x . .      SeeInvis .   e - +0 whip (venom)
rCold   + . .      Faith    .   (no shield)
rNeg    + + +      Spirit   .   b - +0 robe
rPois   ∞          Reflect  .   (no helmet)
rElec   .          Harm     .   (no cloak)
rCorr   .          Rampage  .   (no gloves)
Will    .....                   (no boots)
Stlth   ++........              (no amulet)
HPRegen 0.10/turn               (no ring)
MPRegen 0.08/turn               (no ring)

@: no status effects
A: cold resistance 1, negative energy resistance 3, torment resistance 2, heat
vulnerability 1, in touch with death 1, no potions
a: no special abilities


You were on level 1 of the Dungeon.
You visited 1 branch of the dungeon, and saw 1 of its levels.

You collected 35 gold pieces.

Inventory:

Hand Weapons
 a - a +0 spear
 e - a +0 whip of venom (weapon)
Armour
 b - a +0 robe (worn)
Scrolls
 c - a scroll of amnesia {unknown}
 d - a scroll of teleportation {unknown}
 f - 2 scrolls of fear {unknown}
 g - a scroll of enchant armour {unknown}


   Skills:
 + Level 4.2 Fighting
 - Level 2.4 Polearms
 - Level 2.4 Dodging
 - Level 1.5 Stealth


You had 2 spell levels left.
You didn't know any spells.
Your spell library contained the following spells:

 Spells                   Type           Power      Damage    Failure   Level
 Ensorcelled Hibernation  Hex/Ice        0%         N/A       52%         2
 Passwall                 Tmut/Erth      0%         N/A       52%         2
 Portal Projectile        Hex/Tloc       0%         N/A       77%         3
 Swiftness                Air            0%         N/A       77%         3
 Tukima's Dance           Hex            0%         N/A       77%         3
 Blade Hands              Tmut           Unusable   N/A       N/A         5

Dungeon Overview and Level Annotations

Branches:
Dungeon (1/15)

Altars:

Shops:
D:1 :


Innate Abilities, Weirdness & Mutations

You are immune to poison.
Your flesh is cold resistant. (rC+)
You are immune to negative energy. (rN+++)
You are immune to unholy pain and torment.
You are vulnerable to heat. (rF-)
You are in touch with the powers of death.
You do not drink.


Message History

The hobgoblin attacks as you move away! The hobgoblin misses you.
Found a scroll labelled RYAFROTETS.
You feel a bit more experienced.
The hobgoblin throws a stone.
The stone hits you.
The hobgoblin throws a stone.
The stone barely misses you.
You miss the kobold. The kobold barely misses you.
You hit the kobold.
You kill the kobold!
You hit the hobgoblin.
The hobgoblin is almost dead.
The hobgoblin hits you.
You hit the hobgoblin.
You kill the hobgoblin!
You have reached level 3!
Your experience leads to an increase in your attributes!
Increase (S)trength, (I)ntelligence, or (D)exterity?
You feel stronger. x2
You feel more in touch with the powers of death.
You hit the hobgoblin but do no damage.
The hobgoblin is poisoned.
The hobgoblin hits you.
You are too injured to fight recklessly!
Hit: e) +0 whip (venom)
Press: ? - help, Dir - move target, f - hobgoblin
Aim: a hobgoblin (moderately wounded, very poisoned, about 40% to evade your +0 whip of venom)
You hit the hobgoblin but do no damage.
The hobgoblin looks as sick as possible!
The hobgoblin is moderately wounded.
The hobgoblin hits you.
* * * LOW HITPOINT WARNING * * *
You hit the hobgoblin.
The hobgoblin looks as sick as possible!
The hobgoblin is severely wounded.
The hobgoblin hits you.
* * * LOW HITPOINT WARNING * * *
You closely miss the hobgoblin.
The hobgoblin is almost dead.
You kill the hobgoblin!
The kobold picks up a scroll labelled JADIAS DUIMNULO.
You barely miss the kobold. The kobold completely misses you.
You barely miss the kobold. The kobold hits you with a +0 dagger.
You die...

###...# #..#.#
##........
####†####.##.#
##..###..##
#.........##.####..##
#
#........###.......#
.# #........#
#.####.)#...#.
#........#
#.###....g.....
##########
#.##..#.......#
#K##.$.....#
#@#[.......=
#.##!##.##.# ...###
..# # #.#.. #... #.
?.. ## ## ####


You could see a kobold.

Vanquished Creatures
  A giant cockroach (D:1)
  3 goblins (D:1)
  9 hobgoblins (D:1)
  3 kobolds (D:1)
  A quokka (D:1)
  2 ball pythons (D:1)
  2 bats (D:1)
  3 frilled lizards (D:1)
  2 rats (D:1)
26 creatures vanquished.

Notes
Turn   | Place    | Note
-------+----------+-------------------------------------------
     0 | D:1      | concernfroge the Mummy Monk began the quest for the Orb.
     0 | D:1      | Reached XP level 1. HP: 18/18 MP: 1/1
     7 | D:1      | Found Woken's Book Emporium.
   207 | D:1      | Reached XP level 2. HP: 23/24 MP: 2/2
   372 | D:1      | Found a faded altar of an unknown god.
   612 | D:1      | Reached skill level 4 in Fighting
   764 | D:1      | Gained mutation: You are in touch with the powers of death.
                  | [Mummy growth]
   764 | D:1      | Reached XP level 3. HP: 16/30 MP: 3/3
   766 | D:1      | HP: 1/30 [hobgoblin (5)]
   769 | D:1      | Slain by a kobold

Illustrated notes

Levels and vault maps discovered:
D:1:      amcnicky_arrival_double_pillar, layout_rooms,
          shapermc_ecumenical_altar_starsandcircs, serial_shops, shop,
          minmay_three_crescents

Skill      XL: |  1  2 |
---------------+-------+-----
Fighting       | 4 |  4.2
Polearms       | |  2.4
Dodging        | |  2.4
Stealth        | |  1.5

Action                   || total
-------------------------++-------
Melee: Spear             ||    39
       Whip              ||    43
       Punch             ||     1
 Stab: Sleeping          ||     2
Armor: Robe              ||    12
Dodge: Dodged            ||    37
